 Dungeon Crawl Stone Soup version 0.25-a0-558-g78a2afb0af (webtiles) character file.

Game seed: 12896094159153549599, levelgen mode: deterministic

12170 BeastOfSaturn the Carver (level 11, -60/91 HPs)
             Began as a Grey Draconian Skald on Feb 24, 2020.
             Was a High Priest of Ru.
             Annihilated by a komodo dragon (85 damage)
             ... on level 1 of the Lair of Beasts.
             The game lasted 00:58:53 (14099 turns).

BeastOfSaturn the Carver (Grey Draconian Skald)    Turns: 14099, Time: 00:58:54

Health: -60/91     AC: 15    Str: 16    XL:     11   Next: 58%
Magic:  9/13       EV: 14    Int: 14    God:    Ru [*****.]
Gold:   486        SH:  0    Dex: 11    Spells: 5/13 levels left

rFire    . . .     SeeInvis +   J - +1 scimitar (freeze)
rCold    + . .     Gourm    .   (shield unavailable)
rNeg     . . .     Faith    .   (armour unavailable)
rPois    .         Spirit   .   (helmet restricted)
rElec    .         Reflect  .   A - +1 cloak
rCorr    +         Harm     .   (no gloves)
MR       .....                  k - +0 pair of boots (curse)
Stlth    +.........             H - amulet of regeneration
HPRegen  0.65/turn              (ring unavailable)
MPRegen  0.13/turn              L - ring "Mebbamp" {*Contam rC+ rCorr SInv}

@: sleeping
A: walk through water, unfitting armour, unbreathing, cold-blooded, missing a
hand, hated by all, unskilled 1, AC +12
a: Draw Out Power, Power Leap, Apocalypse, Renounce Religion


You were on level 1 of the Lair of Beasts.
You worshipped Ru.
Ru was extremely pleased with you.
You were not hungry.

You visited 3 branches of the dungeon, and saw 13 of its levels.
You also visited: Bailey.

You collected 1138 gold pieces.
You spent 652 gold pieces at shops.

Inventory:

Hand Weapons
 J - a +1 scimitar of freezing (weapon)
Armour
 k - a cursed +0 pair of boots (worn)
 A - a +1 cloak (worn)
Jewellery
 h - the ring "Oxubaxi" {rC++ MP+9}
   (You bought it in a shop on level 7 of the Dungeon)

   [ring of magical power]

   It greatly protects you from cold.
   It affects your magic capacity (+9).
 i - an uncursed amulet of the gourmand
 o - an uncursed ring of protection from magic
 D - an uncursed ring of protection from fire
 H - an amulet of regeneration (around neck)
 L - the ring "Mebbamp" (right hand) {*Contam rC+ rCorr SInv}
   (You bought it in a shop on level 7 of the Dungeon)

   [ring of resist corrosion]

   It protects you from cold.
   It lets you see invisible.
   It causes magical contamination when unequipped.
   It provides partial protection from all sources of acid and corrosion.
Wands
 u - a wand of paralysis (3)
 w - a wand of flame (24)
 x - a wand of iceblast (9)
 E - a wand of acid (5)
Scrolls
 b - 2 scrolls of magic mapping {unknown}
 d - 9 scrolls of teleportation {unknown}
 e - a scroll of identify
 j - 5 scrolls of remove curse {unknown}
 l - 3 scrolls of random uselessness {unknown}
 p - 4 scrolls of enchant weapon {unknown}
 q - 3 scrolls of enchant armour {unknown}
 s - a scroll of torment {unknown}
 t - 2 scrolls of immolation {unknown}
 y - a scroll of fear {unknown}
 z - a scroll of blinking {unknown}
 G - 4 scrolls of amnesia {unknown}
 I - a scroll of noise {unknown}
 K - a scroll of fog {unknown}
Potions
 a - a potion of magic {unknown}
 f - 4 potions of curing
 g - 2 potions of stabbing
 m - 3 potions of ambrosia
 r - 2 potions of lignification
 v - 3 potions of brilliance
 B - a potion of resistance {unknown}
 C - a potion of might
 F - 2 potions of berserk rage {unknown}
Miscellaneous
 n - a lamp of fire
 N - a phantom mirror
Comestibles
 c - 17 rations


   Skills:
 + Level 6.9 Fighting
 * Level 12.8 Long Blades
 + Level 5.7 Dodging
 - Level 1.7 Spellcasting
 * Level 7.0 Charms


You had 5 spell levels left.
You knew the following spells:

 Your Spells              Type           Power        Failure   Level  Hunger
a - Infusion              Chrm           ###.         1%          1    ##.....
b - Shroud of Golubria    Chrm/Tloc      ##....       9%          2    ###....
c - Spectral Weapon       Hex/Chrm       ##......     17%         3    ####...
d - Song of Slaying       Chrm           ###.....     1%          2    ###....

Your spell library contained the following spells:

 Spells                   Type           Power        Failure   Level  Hunger
 Ozocubu's Armour         Chrm/Ice       ##......     17%         3    ####...
 Magic Dart               Conj           #...         24%         1    ##.....
 Pain                     Necr           #...         24%         1    ##.....
 Searing Ray              Conj           #.....       36%         2    ###....
 Dazzling Flash           Conj/Hex       #.....       58%         3    ####...
 Vampiric Draining        Necr           #.........   58%         3    ####...
 Fulminant Prism          Conj/Hex       #.........   94%         4    #####..
 Iskenderun's Mystic Bla  Conj/Tloc      #.......     94%         4    #####..
 Agony                    Necr           #.......     100%        5    ######.
 Animate Skeleton         Necr           Unusable     N/A         1    N/A
 Animate Dead             Necr           Unusable     N/A         4    N/A

Dungeon Overview and Level Annotations

Branches:
Dungeon (11/15)            Temple (1/1) D:6            Lair (1/6) D:9
    Orc (0/2) D:9          Bailey (visited)

Altars:
Ashenzari
Cheibriados
Dithmenos
Elyvilon
Fedhas
Gozag
Hepliaklqana
Kikubaaqudgha
Makhleb
Nemelex Xobeh
Okawaru
Qazlal
Ru
Sif Muna
Trog
Uskayaw
Vehumet
Wu Jian
Xom
Yredelemnul
Zin
The Shining One

Shops:
D:7 *=

Annotations:
D:4 Ijyb
D:10 exclusion: ice statue


Innate Abilities, Weirdness & Mutations

You can walk through water.
Your dull iron-grey scales are very hard. (AC +12)
You cannot fit into any form of body armour.
You can survive without breathing.
You are cold-blooded and may be slowed by cold attacks.
You are missing a hand.
You are hated by all.
You are somewhat unskilled. (-1 Apt)


Message History

Your spectral weapon barely misses the komodo dragon.
The komodo dragon barely misses you.
You closely miss the komodo dragon.
Your spectral weapon fades away.
The komodo dragon bites you!
* * * LOW HITPOINT WARNING * * *
Your shroud falls apart!
You focus your will and slow the komodo dragon in retribution!
The dream sheep ruffles its wool and motes of dream dust sparkle, to no effect.
The dream sheep begins to attack, but is stunned by your will!
The komodo dragon is no longer moving slowly.
The dream sheep shake their wool and sparkle.
You feel drowsy...
You fall asleep.
The komodo dragon bites you.
You wake up.
* * * LOW HITPOINT WARNING * * *
The dream sheep shake their wool and sparkle.
You feel drowsy...
You fall asleep.
The komodo dragon bites you!!!!
Ouch! That really hurt!
You die...

#.†..#######P
#P...# ......
##...### #......
#.....# ##.#.....
#...Y.## #.(......
##....Y# #^.....(#
#....Y###.......#
#.#...l.#....#
#..####@.....##.
##..##...........
##.......##..###..
#.......#....#
##......#....#
###P......P##
###.<....#
#.........#
#P...........


You could see a komodo dragon and 3 dream sheep.

Vanquished Creatures
  Snorg (D:11)
  A two-headed ogre (D:8)
  2 cyclopes (D:11)
  A deep elf mage (D:10)
  A guardian serpent (shapeshifter) (D:8)
  A gargoyle (D:11)
  A queen bee (D:8)
  2 trolls
  A hornet (D:11)
  4 dream sheep (Lair:1)
  Sigmund (D:5)
  10 yaks
  A basilisk (Lair:1)
  2 hungry ghosts
  Edmund (D:5)
  An acid dragon (D:9)
  A water moccasin (D:9)
  2 sky beasts
  6 orc warriors
  2 ice beasts
  A swamp drake (D:9)
  3 phantoms
  An eye of draining (D:8)
  2 ogres
  5 centaurs
  3 big kobolds (D:6)
  3 bullfrogs
  A gnoll sergeant (D:8)
  4 scorpions
  19 killer bees (D:8)
  4 wights (D:7)
  2 howler monkeys
  2 crimson imps
  A centaur zombie (D:10)
  5 jellies
  3 orc priests (D:9)
  6 bullfrog skeletons
  4 hounds
  12 orc wizards
  A centaur skeleton (D:9)
  5 iguanas
  4 worker ants
  A hound skeleton (D:7)
  A howler monkey zombie (D:10)
  A worker ant zombie (D:11)
  5 gnolls (D:8)
  11 adders
  4 shadow imps
  3 oozes
  An adder skeleton (D:5)
  An adder zombie (D:9)
  4 worms
  6 leopard geckos
  33 orcs
  6 giant cockroaches
  6 goblins
  3 hobgoblins
  10 jackals
  28 kobolds
  4 quokkas
  2 ball pythons
  6 bats
  A frilled lizard (D:5)
  A jackal zombie (D:8)
  8 rats
279 creatures vanquished.

Vanquished Creatures (others)
  An orc (D:9)
  6 fungi (D:6)
  7 spectral weapons
  6 toadstools (D:6)
20 creatures vanquished.

Grand Total: 299 creatures vanquished

Notes
Turn   | Place    | Note
-------+----------+-------------------------------------------
     0 | D:1      | BeastOfSaturn the Draconian Skald began the quest for the
                  | Orb.
     0 | D:1      | Reached XP level 1. HP: 17/17 MP: 3/3
   543 | D:1      | Reached XP level 2. HP: 20/24 MP: 5/5
  1543 | D:2      | Reached XP level 3. HP: 15/29 MP: 6/6
  2051 | D:2      | Learned a level 2 spell: Shroud of Golubria
  2055 | D:2      | Learned a level 3 spell: Spectral Weapon
  2271 | D:2      | Reached skill level 3 in Long Blades
  2444 | D:2      | You fall into a shaft and drop 2 floors!
  2447 | D:4      | Reached XP level 4. HP: 37/37 MP: 7/7
  2473 | D:4      | Reached skill level 4 in Long Blades
  2473 | D:4      | Reached XP level 5. HP: 34/45 MP: 3/8
  3506 | D:3      | Reached XP level 6. HP: 42/51 MP: 3/9
  3510 | D:3      | Reached skill level 5 in Long Blades
  4769 | D:4      | Noticed Ijyb
  4809 | D:5      | Entered Level 5 of the Dungeon
  5396 | D:5      | Noticed Edmund
  5420 | D:5      | Killed Edmund
  5420 | D:5      | Reached skill level 6 in Long Blades
  5420 | D:5      | Your scales start taking on a dull iron-grey colour.
  5420 | D:5      | Reached XP level 7. HP: 19/57 MP: 3/10
  5420 | D:5      | Gained mutation: You can survive without breathing. [Grey
                  | Draconian growth]
  6642 | D:5      | Noticed Sigmund
  6673 | D:5      | Killed Sigmund
  6673 | D:5      | Reached skill level 7 in Long Blades
  6673 | D:5      | Reached XP level 8. HP: 55/66 MP: 2/11
  7515 | D:6      | Reached skill level 8 in Long Blades
  7550 | D:6      | Learned a level 2 spell: Song of Slaying
  7614 | D:6      | Noticed a slime creature
  7614 | D:6      | Noticed a slime creature
  7964 | D:6      | Found a sparkling altar of Nemelex Xobeh.
  8089 | D:6      | Found a staircase to the Ecumenical Temple.
  8096 | Temple   | Entered the Ecumenical Temple
  8207 | Temple   | Became a worshipper of Ru the Awakened
  8906 | D:7      | Reached skill level 5 in Charms
  8915 | D:7      | Reached skill level 9 in Long Blades
  8939 | D:7      | Found Cesiets's Assorted Antiques.
  8976 | D:7      | Bought a bound lapis lazuli ring for 140 gold pieces
  8976 | D:7      | Bought a scroll of identify for 56 gold pieces
  8977 | D:7      | Identified the ring "Oxubaxi" {rC++ MP+9} (You bought it in
                  | a shop on level 7 of the Dungeon)
  9022 | D:7      | Found Pubuxof's Jewellery Emporium.
  9131 | D:7      | Reached XP level 9. HP: 73/73 MP: 12/12
  9319 | D:7      | Found a glowing golden altar of the Shining One.
  9510 | D:8      | Noticed a two-headed ogre
  9515 | D:8      | Got a crude pewter ring
  9554 | D:8      | Killed a two-headed ogre
  9554 | D:8      | Reached skill level 5 in Fighting
  9554 | D:8      | Reached skill level 10 in Long Blades
  9561 | D:8      | Identified the ring of Irhadem {+Inv +Fly Int+2 Dex-5
                  | Stlth+} (You found it on level 8 of the Dungeon)
  9748 | D:8      | Found a flagged portal.
  9783 | D:8      | Reached skill level 5 in Dodging
  9817 | Bailey   | Entered a bailey
  9818 | Bailey   | Gained mutation: You are somewhat unskilled. (-1 Apt) [Ru
                  | sacrifice]
  9818 | Bailey   | Reduced skill Long Blades to level 9
  9818 | Bailey   | Reduced skill Spellcasting to level 1
  9818 | Bailey   | Reduced skill Charms to level 5
  9818 | Bailey   | Reached * piety under Ru
  9946 | Bailey   | Found a bloodstained altar of Trog.
 10212 | D:8      | Reached skill level 10 in Long Blades
 10402 | D:8      | Noticed a queen bee
 10406 | D:8      | Reached XP level 10. HP: 81/81 MP: 12/12
 10937 | D:9      | Noticed a guardian serpent
 10952 | D:8      | Killed a guardian serpent
 10983 | D:9      | Reached skill level 11 in Long Blades
 11010 | D:9      | Found a staircase to the Lair.
 11057 | D:9      | Reached skill level 5 in Dodging
 11103 | D:9      | Found a staircase to the Orcish Mines.
 11534 | D:10     | Entered Level 10 of the Dungeon
 11566 | D:10     | Gained mutation: You are missing a hand. [Ru sacrifice]
 11566 | D:10     | Reached ** piety under Ru
 11566 | D:10     | Reached *** piety under Ru
 11566 | D:10     | Reached **** piety under Ru
 11936 | D:10     | Noticed an ice statue
 12175 | D:10     | Noticed a deep elf mage
 12188 | D:10     | Killed a deep elf mage
 12188 | D:10     | Reached XP level 11. HP: 87/89 MP: 8/13
 12709 | D:11     | Reached skill level 12 in Long Blades
 12732 | D:11     | Noticed Snorg
 12750 | D:11     | Killed Snorg
 12966 | D:7      | Bought the ring "Mebbamp" {*Contam rC+ rCorr SInv} for 456
                  | gold pieces
 13526 | D:11     | Found a shimmering altar of Xom.
 13952 | Lair:1   | Entered Level 1 of the Lair of Beasts
 13974 | Lair:1   | Gained mutation: You are hated by all. [Ru sacrifice]
 13974 | Lair:1   | Reached ***** piety under Ru
 14099 | Lair:1   | Annihilated by a komodo dragon

Levels and vault maps discovered:
D:1:      dpeg_arrival_leaves_temple_mockup, layout_basic
D:2:      layout_loops_cross, uniq_robin
D:3:      layout_basic, minivault_5
D:4:      layout_rooms, first_ration, uniq_ijyb
D:5:      layout_basic, uniq_sigmund, uniq_edmund
D:6:      cheibrodos_fertilizer, layout_basic, nemelex_altar_shiori,
          minmay_temple_entry_gardened_gates
D:7:      layout_rooms, lemuel_coloured_pillars_altar, serial_shops,
          kennysheep_mini, nicolae_shop_overgrown_old_shop
D:8:      layout_gridville, enter_bailey_2, david_nohive_1
D:9:      layout_irregular_city, lair_entry_dummy, erik_orc_1,
          hangedman_decor_riveting
D:10:     lemuel_ice_statue, layout_grid_maze
D:11:     layout_gridville, basic_altar, bh_walls_and_bars, uniq_snorg
Temple:   regret_index_temple_chain_breaker
Lair:1:   layout_misc_corridors

Skill      XL: |  1  2  3  4  5  6  7  8  9 10 11 |
---------------+----------------------------------+-----
Charms         | 3 4 5 5 6 7 |  7.0
Long Blades    | 3 4 6 7 9 10 11 12 | 12.8
Fighting       | 3 4 5 6 |  6.9
Dodging        | 3 4 4 5 |  5.7
Spellcasting   | 1 |  1.7

Action                   |  1- 3 |  4- 6 |  7- 9 | 10-12 || total
-------------------------+-------+-------+-------+-------++-------
Melee: Falchion          |   131 |   230 |   292 |       ||   653
       Tailslap          |    19 |    33 |    58 |    43 ||   153
       Scimitar          |       |       |    83 |   178 ||   261
       Great sword       |       |       |    28 |   151 ||   179
 Cast: Shroud of Golubri |     1 |    15 |    22 |    16 ||    54
       Spectral Weapon   |     1 |     5 |    13 |    13 ||    32
       Infusion          |       |     1 |     1 |       ||     2
       Song of Slaying   |       |       |     2 |     5 ||     7
Invok: Sacrifice Skill   |       |       |     1 |       ||     1
       Draw Out Power    |       |       |       |     1 ||     1
       Sacrifice a Hand  |       |       |       |     1 ||     1
       Sacrifice Love    |       |       |       |     1 ||     1
  Use: Scroll            |     1 |       |     4 |     4 ||     9
       Potion            |       |     5 |       |     2 ||     7
 Stab: Sleeping          |     2 |       |     1 |       ||     3
       Invisible         |       |       |       |     4 ||     4
       Distracted        |       |       |       |     3 ||     3
       Petrified         |       |       |       |     5 ||     5
       Petrifying        |       |       |       |     1 ||     1
  Eat: Ration            |     1 |       |       |     4 ||     5
       Chunk             |     4 |    18 |    39 |    10 ||    71
Armor: Skin              |    40 |    63 |   160 |   110 ||   373
Dodge: Dodged            |    80 |   145 |   280 |   287 ||   792
       Rpst.: Falchion   |    33 |    49 |    69 |       ||   151
       Scimitar          |       |       |    20 |    34 ||    54
       Great sword       |       |       |     5 |    48 ||    53

Table legend:
 A = Non-vault XP
 B = Vault XP
 C = Vault XP percentage of total XP
 D = Non-vault monster count
 E = Vault monster count
 F = Vault count percentage of total count
                 A         B        C        D         E       F
            +---------+---------+-------+---------+---------+-------
      Total |   13296 |    4090 |  23.5 |     216 |      63 |  22.6
            +---------+---------+-------+---------+---------+-------
        D:1 |      26 |       0 |   0.0 |      15 |       0 |   0.0
        D:2 |      54 |       0 |   0.0 |      16 |       0 |   0.0
        D:3 |     250 |       0 |   0.0 |      31 |       0 |   0.0
        D:4 |     230 |       0 |   0.0 |      11 |       0 |   0.0
        D:5 |     545 |     398 |  42.2 |      26 |       2 |   7.1
        D:6 |     371 |     437 |  54.1 |       8 |      13 |  61.9
        D:7 |     693 |       0 |   0.0 |      10 |       0 |   0.0
        D:8 |    2499 |    1149 |  31.5 |      32 |      15 |  31.9
        D:9 |    1454 |     577 |  28.4 |      20 |      16 |  44.4
       D:10 |    2252 |       0 |   0.0 |      15 |       0 |   0.0
       D:11 |    3724 |    1112 |  23.0 |      27 |       1 |   3.6
     Lair:1 |    1198 |       0 |   0.0 |       5 |       0 |   0.0
     Bailey |       0 |     417 | 100.0 |       0 |      16 | 100.0
            +---------+---------+-------+---------+---------+-------
